 Dungeon Crawl Stone Soup version 0.31.0-11-ge490571c62 (webtiles) character file.

Game seed: 5761876380685203605

207 hikkokomori the Shooter (level 6, -3/45 (48) HPs)
             Began as a Formicid Hunter on Jan 31, 2024.
             Was an Initiate of Yredelemnul.
             Slain by an iguana (6 damage)
             ... on level 3 of the Dungeon.
             The game lasted 00:05:33 (2401 turns).

hikkokomori the Shooter (Formicid Hunter)           Turns: 2401, Time: 00:05:34

HP:   -3/45 (48)    AC:  5    Str: 16    XL:     6   Next: 10%
MP:   9/9           EV: 12    Int: 10    God:    Yredelemnul [......]
Gold: 146           SH:  0    Dex: 17    Spells: 8/9 levels left

rFire   . . .        a - +0 shortbow
rCold   . . .        (no shield)
rNeg    . . .        c - +0 leather armour
rPois   .            (helmet unavailable)
rElec   .            l - +0 cloak
rCorr   .            (no gloves)
SInv    +            e - +0 pair of boots
Will    +....        (no amulet)
Stlth   ++           p - ring of willpower
HPRegen 0.27/turn    (no ring)
MPRegen 0.11/turn

%: no passive effects
@: brilliant, lethally poisoned (-3 -> -5), drained
A: permanent stasis, dig shafts and tunnels, antennae 3, four strong arms
a: Dig, Shaft Self, Renounce Religion, Recall Undead Harvest


You were on level 3 of the Dungeon.
You worshipped Yredelemnul.
Yredelemnul was noncommittal.
You visited 1 branch of the dungeon, and saw 4 of its levels.

You collected 146 gold pieces.

Inventory:

Hand Weapons
 a - a +0 shortbow (weapon)
 f - a +2 dagger of holy wrath
 u - a +0 whip of electrocution
Armour
 c - a +0 leather armour (worn)
 e - a +0 pair of boots (worn)
 l - a +0 cloak (worn)
 o - a +0 helmet
Jewellery
 p - a ring of willpower (left hand)
Talismans
 g - a granite talisman
Scrolls
 b - a scroll of butterflies
 i - 2 scrolls of noise {unknown}
 k - a scroll of acquirement {unknown}
 m - a scroll of fear {unknown}
 n - 6 scrolls of identify {unknown}
 q - a scroll of silence {unknown}
 r - 2 scrolls of enchant armour {unknown}
 s - a scroll of poison {unknown}
 t - a scroll of brand weapon {unknown}
Potions
 d - 2 potions of brilliance
 h - a potion of lignification {unknown}
 v - a potion of resistance {unknown}


   Skills:
 + Level 3.8 Fighting
 + Level 4.9 Ranged Weapons
 - Level 1.7 Dodging
 + Level 3.8 Stealth
 + Level 2.1 Spellcasting


You had 8 spell levels left.
You knew the following spells:

 Your Spells              Type           Power      Damage    Failure   Level
a - Summon Small Mammal   Summ           4%         N/A       36%         1

Your spell library contained the following spells:

 Spells                   Type           Power      Damage    Failure   Level
 Call Canine Familiar     Summ           1%         N/A       75%         3
 Dazzling Flash           Conj/Hex       2%         N/A       75%         3
 Mephitic Cloud           Conj/Alch/Air  1%         N/A       75%         3
 Summon Blazeheart Golem  Fire/Summ      1%         N/A       98%         4
 Curse of Agony           Necr           1%         N/A       100%        5
 Silence                  Hex/Air        0%         N/A       100%        5


Dungeon Overview and Level Annotations

Branches:
Dungeon (4/15)
 Temple: D:4-7

Altars:
Yredelemnul

Annotations:
D:2 Robin


Innate Abilities, Weirdness & Mutations

You cannot be hasted, slowed, berserked, paralysed or teleported.
You can dig through walls and to a lower floor.
You have a pair of large antennae on your head. (SInv)
Your four strong arms can wield two-handed weapons with a shield.


Message History

* * * LOW HITPOINT WARNING * * *
You are lethally poisoned!
The adder poisons you!
It was a potion of brilliance.
You feel clever all of a sudden.
* * * LOW HITPOINT WARNING * * *
You feel sick. The adder barely misses you.
It was a potion of heal wounds.
You feel much better.
You feel sick. The adder barely misses you.
You shoot an arrow. The arrow hits the adder.
The adder is severely wounded.
You feel sick. The adder bites you but does no damage.
The adder closely misses you.
You shoot an arrow. The arrow hits the adder.
The adder is almost dead.
You feel sick. The adder closely misses you.
You shoot an arrow. The arrow barely misses the adder.
You feel sick. The adder bites you.
You are more poisoned.
The adder poisons you! The adder bites you but does no damage.
You shoot an arrow. The arrow barely misses the adder.
You feel sick. The adder bites you.
You shoot an arrow.
The arrow hits the adder but does no damage.
The adder is severely wounded.
You feel sick. The adder completely misses you.
The adder bites you but does no damage.
You shoot an arrow. The arrow hits the adder!
You kill the adder!
You feel sick.
You shoot an arrow. The arrow hits the iguana!
The iguana is severely wounded.
You feel sick. The iguana bites you!
* * * LOW HITPOINT WARNING * * *
You shoot an arrow.
The arrow hits the iguana but does no damage.
The iguana is severely wounded.
You feel sick. The iguana barely misses you. The iguana bites you.
You die...
Your body rises from the dead as a mindless zombie.

..... #.... { #...#
#...# . ### #...# ...
#@## #...# ....####l#
#...#######
.......{####..<......#
#......>.l#.....####.#
....##..#$.......#
#...>.............#
#.................#
#..................
#..........####.....


You could see an iguana.

Vanquished Creatures
  A sleepcap (D:4)
  An iguana (D:4)
  3 gnolls (D:2)
  7 adders
  7 ball pythons
  5 endoplasms
  2 giant cockroaches (D:1)
  6 hobgoblins
  3 quokkas
  4 bats
  3 frilled lizards
  9 goblins
  8 kobolds
  4 rats
63 creatures vanquished.

Vanquished Creatures (others)
  2 adder zombies (D:2)
  A frilled lizard zombie (D:2)
3 creatures vanquished.

Grand Total: 66 creatures vanquished

Notes
Turn   | Place    | Note
-------+----------+-------------------------------------------
     0 | D:1      | hikkokomori the Formicid Hunter began the quest for the
                  | Orb.
     0 | D:1      | Reached XP level 1. HP: 16/16 MP: 1/1
    85 | D:1      | Reached XP level 2. HP: 23/23 MP: 2/2
   251 | D:1      | Found a faded altar of an unknown god.
   275 | D:1      | Prayed at the altar of an unknown god.
   275 | D:1      | Became a worshipper of Yredelemnul the Dark
   278 | D:1      | Learned a level 1 spell: Summon Small Mammal
   288 | D:1      | Reached XP level 3. HP: 28/28 MP: 3/3
   395 | D:1      | Reached * piety under Yredelemnul
  1140 | D:2      | Reached XP level 4. HP: 35/35 MP: 5/5
  1188 | D:2      | Reached skill level 1 in Spellcasting
  1413 | D:2      | Reached XP level 5. HP: 37/41 MP: 7/7
  1673 | D:3      | Noticed Robin
  1760 | D:2      | You fall into a shaft and drop 2 floors!
  2334 | D:4      | Reached XP level 6. HP: 44/48 MP: 9/9
  2392 | D:3      | HP: 1/44 [poisoned by an adder]
  2401 | D:3      | Slain by an iguana

Illustrated notes

Levels and vault maps discovered:
D:1:      wander_arrival_fairy_ring, layout_basic,
          shapermc_ecumenical_altar_acropolis, hangedman_feature_mirror,
          minmay_vboxes
D:2:      layout_basic
D:3:      layout_loops_cross, uniq_natasha, uniq_sigmund, uniq_robin
D:4:      layout_basic, minmay_misc_feat_diagonals

Skill      XL: |  1  2  3  4  5 |
---------------+----------------+-----
Stealth        | 2 3 |  3.8
Fighting       | 3 |  3.8
Spellcasting   | 1 2 |  2.1
Ranged Weapons | |  4.9
Dodging        | |  1.7

Action                     |  1- 3 |  4- 6 || total
---------------------------+-------+-------++-------
   Fire: Shortbow          |    83 |   133 ||   216
 Invoke: Recall Undead Har |       |     1 ||     1
Ability: Shaft Self        |       |     1 ||     1
         Dig               |       |     1 ||     1
    Use: Potion            |       |     2 ||     2
 Armour: Leather armour    |    12 |    84 ||    96
  Dodge: Dodged            |    12 |   100 ||   112
